 Dungeon Crawl Stone Soup version 0.30-a0-165-g1891117ce2 (webtiles) character file.

Game seed: 11966015812563531916

49709 qw the Cleaver (level 14, -21/90 HPs)
             Began as a Gargoyle Fighter on Sept 28, 2022.
             Was a High Priest of Okawaru.
             Demolished by a very large slime creature (47 damage)
             ... on level 13 of the Dungeon.
             The game lasted 00:07:08 (21872 turns).

qw the Cleaver (Gargoyle Fighter)                  Turns: 21872, Time: 00:07:09

Health: -21/90     AC: 33    Str: 24    XL:     14   Next: 52%
Magic:  21/21      EV:  9    Int: 10    God:    Okawaru [*****.]
Gold:   1014       SH: 13    Dex:  9    Spells: 13/13 levels left

rFire   + . .      SeeInvis +    k - +5 broad axe (freeze)
rCold   + . .      Faith    .    t - +0 kite shield
rNeg    + . .      Spirit   .    o - +0 plate armour
rPois   inf        Reflect  .    (no helmet)
rElec   +          Harm     .    e - scarf {rC+ rF+}
rCorr   .          Rampage  .    q - +2 pair of gloves
Will    ++...                    w - +1 pair of boots
Stlth   ..........               (no amulet)
HPRegen 0.25/turn                c - ring of see invisible
MPRegen 0.17/turn                a - ring of willpower

@: heroic, flying
A: sickness immunity, AC +10, big wings, negative energy resistance 1,
electricity resistance, torment resistance 1, petrification resistance
a: Renounce Religion, Heroism, Finesse, Duel


You were on level 13 of the Dungeon.
You worshipped Okawaru.
Okawaru was extremely pleased with you.
You visited 2 branches of the dungeon, and saw 18 of its levels.

You collected 1415 gold pieces.
You spent 401 gold pieces at shops.


Innate Abilities, Weirdness & Mutations

You are immune to sickness and miasma.
Your stone body is resilient. (AC +10)
You are immune to poison.
Your large and strong wings let you fly.
You resist negative energy. (rN+)
You are resistant to electric shocks. (rElec)
You are resistant to unholy torment.
You are immune to petrification.


   Skills:
 - Level 11.0(16.0) Fighting
 + Level 14.2(19.2) Axes
 - Level 5.1(10.1) Throwing
 - Level 10.0(15.0) Armour
 - Level 2.0(7.0) Dodging
 - Level 12.0(17.0) Shields
 - Level 10.0 Invocations


You had 13 spell levels left.
You didn't know any spells.
Your spell library was empty.

Inventory:

Hand Weapons
 k - a +5 broad axe of freezing (weapon)
 n - a +4 morningstar
Missiles
 h - 13 boomerangs
 v - 5 javelins (quivered)
Armour
 e - a scarf of resistance (worn)
 o - a +0 plate armour (worn)
 q - a +2 pair of gloves (worn)
 r - a +2 chain mail of cold resistance
 t - a +0 kite shield (worn)
 w - a +1 pair of boots (worn)
Jewellery
 a - a ring of willpower (right hand)
 c - a ring of see invisible (left hand)
 p - a ring of protection from fire
 Y - a ring of protection from cold
Scrolls
 g - 5 scrolls of teleportation
 m - 9 scrolls of identify
Potions
 b - 2 potions of cancellation
 d - 3 potions of might
 f - 5 potions of lignification
 i - 3 potions of haste
 j - 3 potions of mutation
 l - 7 potions of heal wounds
 s - 2 potions of curing
 u - a potion of attraction

Dungeon Overview and Level Annotations

Branches:
Dungeon (13/15)            Temple (0/1) D:5            Lair (5/5) D:10
  Swamp (0/4) Lair:3       Spider (0/4) Lair:2        Slime (0/5) Lair:5
    Orc (0/2) D:11
 Vaults: D:13-14

Altars:
Ashenzari
Dithmenos
Elyvilon
Gozag
Hepliaklqana
Kikubaaqudgha
Makhleb
Nemelex Xobeh
Okawaru
Sif Muna
Trog
Uskayaw
Xom
Yredelemnul
Zin
The Shining One
Jiyva

Shops:
D:6 ?=

Annotations:
D:7 3 runed translucent doors, qw's ghost, novice GrFi


Message History

You block the very large slime creature's attack.
Two slime creatures merge to form a large slime creature.
You slice the very large slime creature!!
You freeze the very large slime creature!
The very large slime creature is moderately wounded.
You hit the large slime creature but do no damage.
Two slime creatures merge to form a very large slime creature.
You block the very large slime creature's attack.
You slice the very large slime creature!!
You freeze the very large slime creature.
The very large slime creature is heavily wounded.
You barely miss the very large slime creature.
You block the very large slime creature's attack.
You slice the very large slime creature!!
You freeze the very large slime creature.
The very large slime creature is heavily wounded.
You slice the very large slime creature!!
You freeze the very large slime creature.
You slash the very large slime creature!
You freeze the very large slime creature.
The very large slime creature is severely wounded.
You hit the very large slime creature.
You freeze the very large slime creature.
The very large slime creature hits you!
You slice the very large slime creature!!
You freeze the very large slime creature!
The very large slime creature is almost dead.
You slash the very large slime creature!
You freeze the very large slime creature.
The very large slime creature hits you!!
You block the very large slime creature's attack.
You slice the very large slime creature!!
You freeze the very large slime creature!
The very large slime creature is almost dead.
You hit the very large slime creature.
You freeze the very large slime creature.
The very large slime creature hits you!
The very large slime creature hits you!!!
Ouch! That really hurt!
You die...

....... .......
....... ##.......
[........
#ce...... #JJ...#
#@# #.# #.#
################.#
#................#
#.################
#.# #.# #.#


You could see 2 very large slime creatures, a centaur warrior and a deep elf
pyromancer.

Vanquished Creatures
  6 hydras
  A catoblepas (Lair:4)
  A centaur warrior (D:10)
  5 death yaks (Lair:3)
  2 boulder beetles
  2 two-headed ogres (D:12)
  Urug (Lair:3)
  2 bog bodies (Lair:3)
  A cyclops (D:11)
  An ugly thing (D:9)
  A manticore (D:13)
  9 elephants
  Joseph (D:7)
  3 black mambas
  2 gargoyles
  13 cane toads
  An unseen horror (D:11)
  A kobold demonologist (D:11)
  2 rime drakes (Lair:5)
  9 komodo dragons
  3 trolls
  7 polar bears
  7 dream sheep (Lair:4)
  12 blink frogs
  8 hornets
  13 spriggans (Lair:5)
  A wraith (D:11)
  3 jumping spiders (Lair:2)
  4 wyverns
  3 shadows
  A basilisk (Lair:2)
  40 yaks
  A steam dragon (D:7)
  2 redbacks (Lair:2)
  6 vampire mosquitoes
  9 water moccasins
  An orc warrior (D:8)
  18 wolves
  An ogre (D:6)
  7 black bears
  3 boggarts (Lair:5)
  6 centaurs
  A phantom (D:6)
  4 kobold brigands
  11 bullfrogs
  A necrophage (D:6)
  2 scorpions
  13 wights
  10 killer bees
  6 howler monkeys
  2 electric eels
  2 hounds
  2 gnoll boudas
  4 orc priests
  3 jellies
  Jessica (D:3)
  Natasha (D:4)
  Terence (D:3)
  12 orc wizards
  6 iguanas
  13 adders
  10 gnolls
  A river rat (D:5)
  A white imp (D:6)
  An ufetubus (D:4)
  2 worms
  4 dart slugs
  26 orcs
  10 endoplasms
  4 giant cockroaches
  5 hobgoblins
  4 jackals
  15 kobolds
  3 quokkas
  9 ball pythons
  5 bats
  3 frilled lizards
  6 goblins
  4 rats
428 creatures vanquished.

Vanquished Creatures (others)
  37 fungi
  37 plants
74 creatures vanquished.

Grand Total: 502 creatures vanquished

Notes
Turn   | Place    | Note
-------+----------+-------------------------------------------
     0 | D:1      | qw the Gargoyle Fighter began the quest for the Orb.
     0 | D:1      | Reached XP level 1. HP: 14/14 MP: 1/1
     0 | D:1      | 0 ||| qw: Version: 0.2-a-12-gaebbb33
     0 | D:1      | 0 ||| qw: Game counter: 813
     0 | D:1      | 0 ||| qw: Always use a shield: true
     0 | D:1      | 0 ||| qw: God list: Okawaru
     0 | D:1      | 0 ||| qw: Allow faded altars: false
     0 | D:1      | 0 ||| qw: Do Orc after D:15 true
     0 | D:1      | 0 ||| qw: Do second Lair branch before Depths: true
     0 | D:1      | 0 ||| qw: Lair rune preference: random
     0 | D:1      | 0 ||| qw: Plans: Normal, Zot:1-4, God:TSO, Crypt, Tomb,
                  | Pan, Slime:5, Hells, Abyss, Orb
     0 | D:1      | 0 ||| PLANNING D:1-11
    21 | D:1      | Reached skill level 2 in Axes
   225 | D:1      | Reached XP level 2. HP: 16/19 MP: 2/2
   275 | D:1      | 275 ||| Stepping ~*~*~tactically~*~*~ (stealth).
   296 | D:1      | 296 ||| Stepping ~*~*~tactically~*~*~ (stealth).
   342 | D:1      | 342 ||| Stepping ~*~*~tactically~*~*~ (hiding).
   354 | D:1      | 354 ||| Stepping ~*~*~tactically~*~*~ (stealth).
   380 | D:1      | 380 ||| Stepping ~*~*~tactically~*~*~ (stealth).
   391 | D:1      | 391 ||| Stepping ~*~*~tactically~*~*~ (stealth).
   399 | D:1      | 399 ||| Stepping ~*~*~tactically~*~*~ (stealth).
   423 | D:1      | 423 ||| Stepping ~*~*~tactically~*~*~ (stealth).
   450 | D:1      | Reached skill level 3 in Axes
   480 | D:1      | 480 ||| Stepping ~*~*~tactically~*~*~ (stealth).
   487 | D:1      | Reached XP level 3. HP: 23/23 MP: 3/3
  1001 | D:1      | 1001 ||| READING scroll labelled XOEMPU AMYI.
  1002 | D:1      | 1002 ||| READING scroll labelled LUKHAO CEHEC.
  1003 | D:1      | 1003 ||| READING scroll labelled NUT SEIFRETI.
  1082 | D:2      | 1082 ||| Stepping ~*~*~tactically~*~*~ (stealth).
  1085 | D:2      | 1085 ||| Stepping ~*~*~tactically~*~*~ (stealth).
  1194 | D:2      | 1194 ||| FLEEEEING.
  1196 | D:2      | 1196 ||| FLEEEEING.
  1197 | D:2      | 1197 ||| FLEEEEING.
  1199 | D:2      | 1199 ||| FLEEEEING.
  1200 | D:2      | 1200 ||| FLEEEEING.
  1202 | D:2      | 1202 ||| FLEEEEING.
  1203 | D:2      | 1203 ||| FLEEEEING.
  1205 | D:2      | 1205 ||| FLEEEEING.
  1206 | D:2      | 1206 ||| FLEEEEING.
  1208 | D:2      | 1208 ||| FLEEEEING.
  1209 | D:2      | 1209 ||| FLEEEEING.
  1215 | D:2      | Reached XP level 4. HP: 24/28 MP: 4/4
  1319 | D:2      | Reached skill level 4 in Axes
  1440 | D:2      | 1440 ||| Stepping ~*~*~tactically~*~*~ (stealth).
  1441 | D:2      | 1441 ||| Stepping ~*~*~tactically~*~*~ (stealth).
  1500 | D:2      | 1500 ||| Stepping ~*~*~tactically~*~*~ (hiding).
  1501 | D:2      | 1501 ||| Stepping ~*~*~tactically~*~*~ (hiding).
  1642 | D:2      | 1642 ||| Stepping ~*~*~tactically~*~*~ (stealth).
  1797 | D:2      | Reached XP level 5. HP: 32/32 MP: 5/5
  1892 | D:2      | Found a faded altar of an unknown god.
  2023 | D:2      | 2023 ||| READING scroll labelled RANUEB VYWKO.
  2024 | D:2      | 2024 ||| READING scroll labelled DAMMENG JUYK.
  2325 | D:3      | Noticed Jessica
  2326 | D:3      | 2326 ||| Stepping ~*~*~tactically~*~*~ (hiding).
  2338 | D:3      | Killed Jessica
  2339 | D:3      | Reached skill level 5 in Axes
  2538 | D:3      | Noticed Terence
  2552 | D:3      | Killed Terence
  2792 | D:3      | Found a white marble altar of Elyvilon.
  2792 | D:3      | Found a glowing golden altar of the Shining One.
  2792 | D:3      | Found a glowing silver altar of Zin.
  2829 | D:3      | 2829 ||| UPGRADING to +0 chain mail.
  2839 | D:3      | 2839 ||| DROPPING +0 scale mail.
  2840 | D:3      | 2840 ||| READING scroll labelled MEBAHECLOL.
  2841 | D:3      | 2841 ||| DRINKING 3 sedimented blue potions.
  2883 | D:4      | Found an iron altar of Okawaru.
  2885 | D:4      | 2885 ||| PLANNING OKAWARU WORSHIP
  2888 | D:4      | Noticed Natasha
  2889 | D:4      | 2889 ||| FLEEEEING.
  2890 | D:4      | 2890 ||| FLEEEEING.
  2903 | D:4      | Killed Natasha
  2904 | D:4      | Reached XP level 6. HP: 23/38 MP: 6/6
  3025 | D:4      | Became a worshipper of Warmaster Okawaru
  3026 | D:4      | 3026 ||| PLANNING D:1-11
  3058 | D:4      | 3058 ||| Stepping ~*~*~tactically~*~*~ (hiding).
  3061 | D:4      | 3061 ||| Stepping ~*~*~tactically~*~*~ (hiding).
  3064 | D:4      | 3064 ||| Stepping ~*~*~tactically~*~*~ (hiding).
  3087 | D:4      | 3087 ||| Stepping ~*~*~tactically~*~*~ (stealth).
  3088 | D:4      | 3088 ||| Stepping ~*~*~tactically~*~*~ (stealth).
  3157 | D:4      | 3157 ||| Stepping ~*~*~tactically~*~*~ (stealth).
  3235 | D:4      | Found an opulent altar of Gozag.
  3236 | D:4      | Found an ancient bone altar of Kikubaaqudgha.
  3236 | D:4      | Found a shimmering blue altar of Sif Muna.
  3239 | D:4      | Found a shimmering altar of Xom.
  3241 | D:4      | Found a broken altar of Ashenzari.
  3241 | D:4      | Found a hazy altar of Hepliaklqana.
  3258 | D:4      | 3258 ||| Stepping ~*~*~tactically~*~*~ (stealth).
  3262 | D:4      | 3262 ||| Stepping ~*~*~tactically~*~*~ (stealth).
  3275 | D:4      | Found a basalt altar of Yredelemnul.
  3276 | D:4      | 3276 ||| Stepping ~*~*~tactically~*~*~ (hiding).
  3278 | D:4      | 3278 ||| Stepping ~*~*~tactically~*~*~ (hiding).
  3370 | D:4      | Found a burning altar of Makhleb.
  3371 | D:4      | Found a sparkling altar of Nemelex Xobeh.
  3499 | D:4      | Found a bloodstained altar of Trog.
  3618 | D:4      | Reached skill level 6 in Axes
  3644 | D:4      | 3644 ||| UPGRADING to ring of willpower.
  3645 | D:4      | 3645 ||| READING 2 scrolls of identify.
  3645 | D:4      | 3645 ||| IDENTIFYING puce potion
  3646 | D:4      | 3646 ||| DROPPING potion of ambrosia.
  3686 | D:5      | Entered Level 5 of the Dungeon
  3687 | D:5      | 3687 ||| PLANNING SEWER
  3832 | D:5      | Found a staircase to the Ecumenical Temple.
  3922 | D:5      | 3922 ||| Stepping ~*~*~tactically~*~*~ (stealth).
  3924 | D:5      | 3924 ||| Stepping ~*~*~tactically~*~*~ (hiding).
  3933 | D:5      | Reached skill level 1 in Dodging
  3934 | D:5      | HP: 6/38 [gnoll/+0 spear[a gnoll bouda] (6)]
  3935 | D:5      | 3935 ||| READING 3 scrolls of teleportation.
  3936 | D:5      | 3936 ||| DRINKING 2 potions of heal wounds.
  4130 | D:5      | Reached XP level 7. HP: 24/43 MP: 7/7
  4276 | D:5      | 4276 ||| DROPPING +0 whip.
  4320 | D:5      | 4320 ||| RIP SEWER
  4324 | D:5      | Found a hide-covered altar of Uskayaw.
  4325 | D:5      | 4325 ||| PLANNING D:1-11
  4359 | D:5      | 4359 ||| Stepping ~*~*~tactically~*~*~ (stealth).
  4689 | D:5      | Reached * piety under Okawaru
  5289 | D:5      | 5289 ||| UPGRADING to scarf of resistance.
  5294 | D:5      | 5294 ||| READING 2 scrolls labelled ZEFARU VUON.
  5295 | D:5      | 5295 ||| READING scroll labelled SUICKU WELU.
  5296 | D:5      | 5296 ||| READING scroll labelled ABBUJI EROUC.
  5297 | D:5      | 5297 ||| DRINKING 3 viscous green potions.
  5298 | D:5      | 5298 ||| READING 4 scrolls of identify.
  5298 | D:5      | 5298 ||| IDENTIFYING lumpy grey potion
  5299 | D:5      | 5299 ||| READING 3 scrolls of identify.
  5299 | D:5      | 5299 ||| IDENTIFYING sedimented coppery potion
  5300 | D:5      | 5300 ||| READING 2 scrolls of identify.
  5300 | D:5      | 5300 ||| IDENTIFYING fuming red potion
  5301 | D:5      | 5301 ||| DROPPING scroll of magic mapping.
  5302 | D:5      | 5302 ||| DROPPING potion of degeneration.
  5320 | D:6      | Found Gotueh's Jewellery Boutique.
  5324 | D:6      | 5324 ||| SHOPLISTING +4 ring of evasion (396 gold, have
                  | 363).
  5324 | D:6      | 5324 ||| SHOPLISTING +6 ring of strength (396 gold, have
                  | 363).
  5324 | D:6      | 5324 ||| SHOPLISTING amulet of Orubono {Faith Dex+4 Stlth+}
                  | (640 gold, have 363).
  5324 | D:6      | 5324 ||| BUYING ring of protection from cold (275 gold).
  5324 | D:6      | Bought a ring of protection from cold for 275 gold pieces
  5359 | D:6      | 5359 ||| Stepping ~*~*~tactically~*~*~ (hiding).
  5360 | D:6      | 5360 ||| Stepping ~*~*~tactically~*~*~ (stealth).
  5361 | D:6      | 5361 ||| Stepping ~*~*~tactically~*~*~ (hiding).
  5368 | D:6      | 5368 ||| INVOKING Heroism.
  5370 | D:6      | Reached skill level 7 in Axes
  5370 | D:6      | Reached skill level 1 in Invocations
  5408 | D:6      | 5408 ||| Stepping ~*~*~tactically~*~*~ (stealth).
  5411 | D:6      | 5411 ||| Stepping ~*~*~tactically~*~*~ (stealth).
  5421 | D:6      | 5421 ||| INVOKING Heroism.
  5440 | D:6      | 5440 ||| FLEEEEING.
  5441 | D:6      | 5441 ||| FLEEEEING.
  5448 | D:6      | 5448 ||| FLEEEEING.
  5449 | D:6      | 5449 ||| FLEEEEING.
  5451 | D:6      | 5451 ||| STAIRDANCE
  5516 | D:5      | 5516 ||| UPGRADING to ring of protection from cold.
  5519 | D:6      | 5519 ||| INVOKING Heroism.
  5543 | D:6      | 5543 ||| Stepping ~*~*~tactically~*~*~ (stealth).
  5554 | D:6      | 5554 ||| INVOKING Heroism.
  5556 | D:6      | Reached XP level 8. HP: 32/48 MP: 6/9
  5756 | D:6      | Reached skill level 3 in Invocations
  5822 | D:6      | 5822 ||| INVOKING Heroism.
  5979 | D:6      | Identified the +1 robe "Coxoul" {Int+4}
  6004 | D:6      | Found Yqitimo's Magic Scroll Emporium.
  6007 | D:6      | 6007 ||| BUYING scroll of brand weapon (104 gold).
  6007 | D:6      | Bought a scroll of brand weapon for 104 gold pieces
  6007 | D:6      | 6007 ||| SHOPLISTING scroll of enchant weapon (82 gold,
                  | have 32).
  6007 | D:6      | 6007 ||| BUYING scroll of identify (22 gold).
  6007 | D:6      | Bought a scroll of identify for 22 gold pieces
  6007 | D:6      | 6007 ||| SHOPLISTING scroll of teleportation (33 gold, have
                  | 10).
  6007 | D:6      | 6007 ||| READING scroll of brand weapon.
  6007 | D:6      | 6007 ||| BRANDING +0 war axe.
  6106 | D:6      | Found a shadowy altar of Dithmenos.
  6228 | D:6      | 6228 ||| READING 2 scrolls of identify.
  6228 | D:6      | 6228 ||| IDENTIFYING glowing white potion
  6243 | D:7      | 6243 ||| INVOKING Heroism.
  6280 | D:7      | 6280 ||| INVOKING Heroism.
  6468 | D:7      | Reached skill level 8 in Axes
  6481 | D:7      | 6481 ||| INVOKING Heroism.
  6488 | D:7      | Reached skill level 6 in Fighting
  6533 | D:7      | 6533 ||| INVOKING Heroism.
  6535 | D:7      | 6535 ||| Stepping ~*~*~tactically~*~*~ (hiding).
  6536 | D:7      | 6536 ||| Stepping ~*~*~tactically~*~*~ (hiding).
  6537 | D:7      | 6537 ||| Stepping ~*~*~tactically~*~*~ (hiding).
  6538 | D:7      | 6538 ||| Stepping ~*~*~tactically~*~*~ (hiding).
  6541 | D:7      | HP: 11/51 [wight/+3 mace (11)]
  6542 | D:7      | 6542 ||| READING 3 scrolls of teleportation.
  6543 | D:7      | 6543 ||| DRINKING potion of heal wounds.
  6708 | D:7      | Found a runed translucent gate.
  6708 | D:7      | Found a runed translucent gate.
  6708 | D:7      | Found a runed translucent gate.
  6732 | D:7      | 6732 ||| DROPPING +0 flail.
  6757 | D:7      | 6757 ||| INVOKING Heroism.
  6765 | D:7      | Reached XP level 9. HP: 26/55 MP: 9/12
  6967 | D:7      | Reached ** piety under Okawaru
  7005 | D:7      | Noticed Joseph
  7008 | D:7      | 7008 ||| Stepping ~*~*~tactically~*~*~ (hiding).
  7017 | D:7      | 7017 ||| INVOKING Heroism.
  7023 | D:7      | Killed Joseph
  7024 | D:7      | Reached skill level 9 in Axes
  7038 | D:7      | 7038 ||| INVOKING Heroism.
  7044 | D:7      | 7044 ||| Stepping ~*~*~tactically~*~*~ (stealth).
  7099 | D:7      | 7099 ||| FLEEEEING.
  7100 | D:7      | 7100 ||| FLEEEEING.
  7101 | D:7      | 7101 ||| FLEEEEING.
  7102 | D:7      | 7102 ||| FLEEEEING.
  7103 | D:7      | 7103 ||| FLEEEEING.
  7104 | D:7      | 7104 ||| FLEEEEING.
  7105 | D:7      | 7105 ||| FLEEEEING.
  7106 | D:7      | 7106 ||| FLEEEEING.
  7107 | D:7      | 7107 ||| FLEEEEING.
  7108 | D:7      | 7108 ||| FLEEEEING.
  7109 | D:7      | 7109 ||| FLEEEEING.
  7110 | D:7      | 7110 ||| STAIRDANCE
  7169 | D:6      | 7169 ||| READING 2 scrolls of identify.
  7169 | D:6      | 7169 ||| IDENTIFYING murky ruby potion
  7170 | D:6      | 7170 ||| DROPPING potion of brilliance.
  7175 | D:7      | 7175 ||| INVOKING Heroism.
  7184 | D:7      | 7184 ||| STAIRDANCE
  7401 | D:7      | 7401 ||| INVOKING Heroism.
  7406 | D:7      | Reached skill level 1 in Throwing
  7723 | D:7      | Noticed qw's ghost (novice GrFi)
  7825 | D:8      | 7825 ||| INVOKING Heroism.
  8006 | D:8      | 8006 ||| SWAPPING to +4 war axe of freezing.
  8007 | D:8      | 8007 ||| DROPPING +0 war axe of venom.
  8023 | D:8      | 8023 ||| INVOKING Heroism.
  8024 | D:8      | 8024 ||| Stepping ~*~*~tactically~*~*~ (stealth).
  8028 | D:8      | 8028 ||| Stepping ~*~*~tactically~*~*~ (stealth).
  8106 | D:8      | 8106 ||| INVOKING Heroism.
  8232 | D:8      | 8232 ||| Stepping ~*~*~tactically~*~*~ (hiding).
  8337 | D:8      | 8337 ||| Stepping ~*~*~tactically~*~*~ (stealth).
  8343 | D:8      | Reached skill level 10 in Axes
  8559 | D:8      | 8559 ||| Stepping ~*~*~tactically~*~*~ (stealth).
  8561 | D:8      | 8561 ||| Stepping ~*~*~tactically~*~*~ (hiding).
  8573 | D:8      | Noticed a hornet
  8580 | D:8      | Killed a hornet
  8580 | D:8      | Reached *** piety under Okawaru
  8581 | D:8      | Reached XP level 10. HP: 48/64 MP: 13/13
  8732 | D:8      | 8732 ||| UPGRADING to +0 plate armour.
  8742 | D:8      | 8742 ||| DROPPING +0 chain mail.
  8743 | D:8      | 8743 ||| UPGRADING to +0 pair of gloves.
  8748 | D:8      | 8748 ||| READING scroll of enchant armour.
  8748 | D:8      | 8748 ||| ENCHANTING +0 pair of gloves.
  8749 | D:8      | 8749 ||| READING scroll labelled TUEVIRI QEBB.
  8750 | D:8      | 8750 ||| DRINKING 2 black potions.
  8855 | D:8      | 8855 ||| DRINKING 2 yellow potions.
  8856 | D:8      | 8856 ||| DROPPING potion of berserk rage.
  9067 | D:9      | 9067 ||| INVOKING Heroism.
  9363 | D:9      | 9363 ||| Stepping ~*~*~tactically~*~*~ (stealth).
  9395 | D:9      | 9395 ||| Stepping ~*~*~tactically~*~*~ (stealth).
  9429 | D:9      | Reached skill level 6 in Armour
  9480 | D:9      | 9480 ||| READING scroll of enchant armour.
  9480 | D:9      | 9480 ||| ENCHANTING +1 pair of gloves.
  9538 | D:9      | Noticed a brown ugly thing
  9539 | D:9      | 9539 ||| Stepping ~*~*~tactically~*~*~ (stealth).
  9540 | D:9      | 9540 ||| Stepping ~*~*~tactically~*~*~ (stealth).
  9541 | D:9      | 9541 ||| Stepping ~*~*~tactically~*~*~ (stealth).
  9552 | D:9      | Killed a brown ugly thing
  9665 | D:9      | 9665 ||| Stepping ~*~*~tactically~*~*~ (stealth).
  9672 | D:9      | 9672 ||| INVOKING Heroism.
  9675 | D:9      | Reached skill level 3 in Throwing
  9779 | D:9      | 9779 ||| INVOKING Heroism.
  9855 | D:9      | Reached **** piety under Okawaru
 10056 | D:10     | Entered Level 10 of the Dungeon
 10057 | D:10     | 10057 ||| INVOKING Heroism.
 10058 | D:10     | 10058 ||| STAIRDANCE
 10105 | D:10     | Noticed a centaur warrior
 10106 | D:10     | 10106 ||| Stepping ~*~*~tactically~*~*~ (hiding).
 10115 | D:10     | 10115 ||| INVOKING Heroism.
 10121 | D:10     | Killed a centaur warrior
 10347 | D:10     | 10347 ||| Stepping ~*~*~tactically~*~*~ (hiding).
 10352 | D:10     | 10352 ||| INVOKING Heroism.
 10407 | D:10     | 10407 ||| INVOKING Heroism.
 10558 | D:10     | Found a staircase to the Lair.
 11024 | D:10     | 11024 ||| PLANNING LAIR
 11024 | D:10     | 11024 ||| READING scroll labelled ZUZISHREQU GAMY.
 11025 | D:10     | 11025 ||| READING 5 scrolls of identify.
 11025 | D:10     | 11025 ||| IDENTIFYING bubbling dark potion
 11026 | D:10     | 11026 ||| DROPPING potion of invisibility.
 11061 | Lair:1   | Entered Level 1 of the Lair of Beasts
 11061 | Lair:1   | Noticed a cane toad
 11061 | Lair:1   | Noticed a cane toad
 11061 | Lair:1   | Noticed a cane toad
 11062 | Lair:1   | 11062 ||| INVOKING Heroism.
 11068 | Lair:1   | Killed a cane toad
 11069 | Lair:1   | Reached skill level 6 in Invocations
 11069 | Lair:1   | Killed a cane toad
 11069 | Lair:1   | Reached ***** piety under Okawaru
 11070 | Lair:1   | Reached skill level 11 in Axes
 11070 | Lair:1   | Reached XP level 11. HP: 68/68 MP: 13/15
 11072 | Lair:1   | Received a gift from Okawaru
 11186 | Lair:1   | 11186 ||| INVOKING Heroism.
 11387 | Lair:1   | 11387 ||| INVOKING Heroism.
 11468 | Lair:1   | 11468 ||| Stepping ~*~*~tactically~*~*~ (stealth).
 11469 | Lair:1   | 11469 ||| INVOKING Heroism.
 11502 | Lair:1   | 11502 ||| INVOKING Heroism.
 11570 | Lair:1   | 11570 ||| Stepping ~*~*~tactically~*~*~ (stealth).
 11573 | Lair:1   | 11573 ||| Stepping ~*~*~tactically~*~*~ (stealth).
 11575 | Lair:1   | 11575 ||| INVOKING Heroism.
 11583 | Lair:1   | Identified the +3 dire flail of Discomfort {pain, *Noise
                  | rPois Str+4 Dex+4} (Okawaru gifted it to you on level 1 of
                  | the Lair of Beasts)
 11583 | Lair:1   | Received a gift from Okawaru
 11671 | Lair:1   | 11671 ||| INVOKING Heroism.
 11673 | Lair:1   | 11673 ||| Stepping ~*~*~tactically~*~*~ (stealth).
 11676 | Lair:1   | 11676 ||| Stepping ~*~*~tactically~*~*~ (stealth).
 11677 | Lair:1   | 11677 ||| Stepping ~*~*~tactically~*~*~ (stealth).
 11683 | Lair:1   | Reached skill level 9 in Fighting
 11840 | Lair:1   | 11840 ||| INVOKING Heroism.
 11911 | Lair:1   | 11911 ||| INVOKING Heroism.
 12043 | Lair:1   | 12043 ||| INVOKING Heroism.
 12046 | Lair:1   | Reached skill level 9 in Invocations
 12188 | Lair:1   | 12188 ||| UPGRADING to +0 kite shield.
 12198 | Lair:1   | 12198 ||| DROPPING +0 buckler.
 12199 | Lair:1   | 12199 ||| READING scroll labelled JOJOHU MAGIR.
 12271 | Lair:2   | 12271 ||| Stepping ~*~*~tactically~*~*~ (stealth).
 12272 | Lair:2   | 12272 ||| Stepping ~*~*~tactically~*~*~ (stealth).
 12382 | Lair:2   | 12382 ||| INVOKING Heroism.
 12405 | Lair:2   | Reached skill level 6 in Shields
 12446 | Lair:2   | 12446 ||| Stepping ~*~*~tactically~*~*~ (stealth).
 12448 | Lair:2   | 12448 ||| Stepping ~*~*~tactically~*~*~ (stealth).
 12455 | Lair:2   | Received a gift from Okawaru
 12460 | Lair:2   | 12460 ||| Stepping ~*~*~tactically~*~*~ (stealth).
 12503 | Lair:2   | 12503 ||| SWAPPING to +2 broad axe of freezing.
 12504 | Lair:2   | 12504 ||| DROPPING +5 war axe of freezing.
 12512 | Lair:2   | 12512 ||| Stepping ~*~*~tactically~*~*~ (stealth).
 12520 | Lair:2   | Reached XP level 12. HP: 76/76 MP: 19/19
 12537 | Lair:2   | 12537 ||| Stepping ~*~*~tactically~*~*~ (hiding).
 12541 | Lair:2   | 12541 ||| Stepping ~*~*~tactically~*~*~ (hiding).
 12857 | Lair:2   | 12857 ||| Stepping ~*~*~tactically~*~*~ (stealth).
 12889 | Lair:2   | Noticed a five-headed hydra
 12890 | Lair:2   | 12890 ||| INVOKING Heroism.
 12891 | Lair:2   | 12891 ||| INVOKING Finesse.
 12893 | Lair:2   | 12893 ||| SWAPPING to +4 morningstar.
 12897 | Lair:2   | Killed a five-headed hydra
 12898 | Lair:2   | 12898 ||| SWAPPING to +2 broad axe of freezing.
 13302 | Lair:2   | 13302 ||| Stepping ~*~*~tactically~*~*~ (stealth).
 13303 | Lair:2   | Found a hole to the Spider Nest.
 13314 | Lair:2   | 13314 ||| INVOKING Heroism.
 13861 | Lair:3   | Found a staircase to the Swamp.
 13872 | Lair:3   | 13872 ||| INVOKING Heroism.
 13874 | Lair:3   | Reached skill level 9 in Shields
 14039 | Lair:3   | 14039 ||| INVOKING Heroism.
 14167 | Lair:3   | 14167 ||| Stepping ~*~*~tactically~*~*~ (stealth).
 14171 | Lair:3   | 14171 ||| INVOKING Heroism.
 14180 | Lair:3   | Received a gift from Okawaru
 14238 | Lair:3   | Noticed Urug
 14239 | Lair:3   | 14239 ||| INVOKING Heroism.
 14240 | Lair:3   | 14240 ||| INVOKING Finesse.
 14247 | Lair:3   | Killed Urug
 14300 | Lair:3   | Noticed a death yak
 14301 | Lair:3   | 14301 ||| Stepping ~*~*~tactically~*~*~ (stealth).
 14301 | Lair:3   | Noticed a death yak
 14301 | Lair:3   | Noticed a death yak
 14302 | Lair:3   | 14302 ||| Stepping ~*~*~tactically~*~*~ (stealth).
 14302 | Lair:3   | Noticed a death yak
 14302 | Lair:3   | Noticed a death yak
 14303 | Lair:3   | 14303 ||| INVOKING Heroism.
 14304 | Lair:3   | 14304 ||| INVOKING Finesse.
 14318 | Lair:3   | 14318 ||| Stepping ~*~*~tactically~*~*~ (stealth).
 14323 | Lair:3   | Killed a death yak
 14335 | Lair:3   | Killed a death yak
 14339 | Lair:3   | Killed a death yak
 14341 | Lair:3   | Received a gift from Okawaru
 14349 | Lair:3   | Killed a death yak
 14350 | Lair:3   | Reached skill level 12 in Axes
 14362 | Lair:3   | Killed a death yak
 14846 | Lair:3   | 14846 ||| READING scroll of enchant weapon.
 14846 | Lair:3   | 14846 ||| ENCHANTING +2 broad axe of freezing.
 14849 | Lair:3   | 14849 ||| INVOKING Heroism.
 14856 | Lair:3   | Reached XP level 13. HP: 73/80 MP: 18/20
 15391 | Lair:3   | 15391 ||| UPGRADING to +0 pair of boots.
 15396 | Lair:3   | 15396 ||| READING 9 scrolls of identify.
 15396 | Lair:3   | 15396 ||| IDENTIFYING lumpy clear potion
 15417 | Lair:4   | 15417 ||| STAIRDANCE
 15425 | Lair:4   | 15425 ||| STAIRDANCE
 15430 | Lair:3   | 15430 ||| INVOKING Heroism.
 15609 | Lair:4   | 15609 ||| STAIRDANCE
 15611 | Lair:3   | 15611 ||| INVOKING Heroism.
 15618 | Lair:3   | Reached skill level 9 in Armour
 15623 | Lair:3   | Identified the +0 pair of gloves of the Stars {Stlth+}
                  | (Okawaru gifted it to you on level 3 of the Lair of Beasts)
 15623 | Lair:3   | Received a gift from Okawaru
 15774 | Lair:3   | 15774 ||| DROPPING +0 pair of gloves of the Stars {Stlth+}.
 15778 | Lair:4   | 15778 ||| STAIRDANCE
 15787 | Lair:4   | 15787 ||| INVOKING Heroism.
 16002 | Lair:4   | 16002 ||| Stepping ~*~*~tactically~*~*~ (stealth).
 16045 | Lair:4   | 16045 ||| INVOKING Heroism.
 16163 | Lair:4   | 16163 ||| INVOKING Heroism.
 16164 | Lair:4   | 16164 ||| SWAPPING to +4 morningstar.
 16165 | Lair:4   | 16165 ||| INVOKING Finesse.
 16169 | Lair:4   | 16169 ||| SWAPPING to +3 broad axe of freezing.
 16254 | Lair:4   | 16254 ||| Stepping ~*~*~tactically~*~*~ (hiding).
 16256 | Lair:4   | 16256 ||| Stepping ~*~*~tactically~*~*~ (hiding).
 16257 | Lair:4   | 16257 ||| INVOKING Heroism.
 16258 | Lair:4   | 16258 ||| INVOKING Finesse.
 16332 | Lair:4   | 16332 ||| INVOKING Heroism.
 16333 | Lair:4   | 16333 ||| INVOKING Finesse.
 16335 | Lair:4   | 16335 ||| SWAPPING to +4 morningstar.
 16341 | Lair:4   | 16341 ||| SWAPPING to +3 broad axe of freezing.
 16551 | Lair:4   | 16551 ||| Stepping ~*~*~tactically~*~*~ (stealth).
 16553 | Lair:4   | 16553 ||| INVOKING Heroism.
 16856 | Lair:4   | 16856 ||| Stepping ~*~*~tactically~*~*~ (stealth).
 16857 | Lair:4   | 16857 ||| INVOKING Heroism.
 16996 | Lair:4   | 16996 ||| READING scroll labelled BAEX GAZISHRIM.
 17070 | Lair:4   | 17070 ||| READING 9 scrolls of identify.
 17070 | Lair:4   | 17070 ||| IDENTIFYING fizzy coppery potion
 17071 | Lair:4   | 17071 ||| DROPPING potion of flight.
 17099 | Lair:5   | Entered Level 5 of the Lair of Beasts
 17120 | Lair:5   | 17120 ||| INVOKING Heroism.
 17121 | Lair:5   | 17121 ||| INVOKING Finesse.
 17123 | Lair:5   | 17123 ||| SWAPPING to +4 morningstar.
 17133 | Lair:5   | 17133 ||| SWAPPING to +3 broad axe of freezing.
 17249 | Lair:5   | 17249 ||| READING scroll of enchant weapon.
 17249 | Lair:5   | 17249 ||| ENCHANTING +3 broad axe of freezing.
 17258 | Lair:5   | 17258 ||| INVOKING Heroism.
 17261 | Lair:5   | 17261 ||| Stepping ~*~*~tactically~*~*~ (stealth).
 17275 | Lair:5   | 17275 ||| Stepping ~*~*~tactically~*~*~ (stealth).
 17322 | Lair:5   | 17322 ||| FLEEEEING.
 17323 | Lair:5   | 17323 ||| FLEEEEING.
 17324 | Lair:5   | 17324 ||| FLEEEEING.
 17330 | Lair:5   | 17330 ||| STAIRDANCE
 17392 | Lair:5   | Found a viscous altar of Jiyva.
 17393 | Lair:5   | Found a staircase to the Slime Pits.
 17432 | Lair:5   | 17432 ||| INVOKING Heroism.
 17545 | Lair:5   | Found a white marble altar of Elyvilon.
 17583 | Lair:5   | Reached skill level 13 in Axes
 17622 | Lair:5   | 17622 ||| INVOKING Heroism.
 17623 | Lair:5   | 17623 ||| INVOKING Finesse.
 17625 | Lair:5   | 17625 ||| SWAPPING to +4 morningstar.
 17638 | Lair:5   | 17638 ||| SWAPPING to +4 broad axe of freezing.
 17752 | Lair:5   | Found a dark tunnel.
 17762 | Lair:5   | 17762 ||| INVOKING Heroism.
 17877 | Lair:5   | 17877 ||| Stepping ~*~*~tactically~*~*~ (stealth).
 17879 | Lair:5   | 17879 ||| INVOKING Heroism.
 17906 | Lair:5   | 17906 ||| Stepping ~*~*~tactically~*~*~ (hiding).
 17908 | Lair:5   | 17908 ||| Stepping ~*~*~tactically~*~*~ (hiding).
 17917 | Lair:5   | Identified the +6 dagger "Idebbanif" {protect, rPois}
                  | (Okawaru gifted it to you on level 5 of the Lair of Beasts)
 17917 | Lair:5   | Received a gift from Okawaru
 17925 | Lair:5   | 17925 ||| FLEEEEING.
 17930 | Lair:5   | 17930 ||| INVOKING Heroism.
 17946 | Lair:5   | 17946 ||| Stepping ~*~*~tactically~*~*~ (stealth).
 17949 | Lair:5   | 17949 ||| Stepping ~*~*~tactically~*~*~ (stealth).
 17950 | Lair:5   | 17950 ||| Stepping ~*~*~tactically~*~*~ (stealth).
 17965 | Lair:5   | 17965 ||| Stepping ~*~*~tactically~*~*~ (stealth).
 17966 | Lair:5   | 17966 ||| INVOKING Heroism.
 17990 | Lair:5   | 17990 ||| Stepping ~*~*~tactically~*~*~ (stealth).
 17991 | Lair:5   | 17991 ||| Stepping ~*~*~tactically~*~*~ (stealth).
 17992 | Lair:5   | 17992 ||| Stepping ~*~*~tactically~*~*~ (stealth).
 17993 | Lair:5   | 17993 ||| Stepping ~*~*~tactically~*~*~ (stealth).
 18018 | Lair:5   | 18018 ||| INVOKING Heroism.
 18089 | Lair:5   | 18089 ||| INVOKING Heroism.
 18162 | Lair:5   | 18162 ||| INVOKING Heroism.
 18163 | Lair:5   | 18163 ||| INVOKING Finesse.
 18235 | Lair:5   | 18235 ||| INVOKING Heroism.
 18287 | Lair:5   | 18287 ||| Stepping ~*~*~tactically~*~*~ (stealth).
 18294 | Lair:5   | Gained mutation: Your large and strong wings let you fly.
                  | [Gargoyle growth]
 18294 | Lair:5   | Reached XP level 14. HP: 88/88 MP: 21/21
 18325 | Lair:5   | 18325 ||| Stepping ~*~*~tactically~*~*~ (stealth).
 18327 | Lair:5   | 18327 ||| Stepping ~*~*~tactically~*~*~ (stealth).
 18340 | Lair:5   | 18340 ||| INVOKING Heroism.
 18342 | Lair:5   | Reached skill level 14 in Axes
 18367 | Lair:5   | 18367 ||| Stepping ~*~*~tactically~*~*~ (stealth).
 18493 | Lair:5   | 18493 ||| READING scroll of enchant weapon.
 18493 | Lair:5   | 18493 ||| ENCHANTING +4 broad axe of freezing.
 18632 | Lair:5   | 18632 ||| Stepping ~*~*~tactically~*~*~ (stealth).
 18640 | Lair:5   | 18640 ||| FLEEEEING.
 18702 | Lair:5   | 18702 ||| Stepping ~*~*~tactically~*~*~ (stealth).
 18710 | Lair:5   | 18710 ||| FLEEEEING.
 18711 | Lair:5   | 18711 ||| FLEEEEING.
 18712 | Lair:5   | 18712 ||| FLEEEEING.
 18713 | Lair:5   | 18713 ||| FLEEEEING.
 18714 | Lair:5   | 18714 ||| FLEEEEING.
 18715 | Lair:5   | 18715 ||| FLEEEEING.
 18716 | Lair:5   | 18716 ||| FLEEEEING.
 18717 | Lair:5   | 18717 ||| STAIRDANCE
 18778 | Lair:4   | 18778 ||| UPGRADING to ring of see invisible.
 18780 | Lair:4   | 18780 ||| UPGRADING to ring of willpower.
 19057 | Lair:5   | 19057 ||| INVOKING Heroism.
 19132 | Lair:5   | 19132 ||| PLANNING D:1-11
 19766 | D:11     | 19766 ||| FLEEEEING.
 19849 | D:11     | 19849 ||| Stepping ~*~*~tactically~*~*~ (stealth).
 19864 | D:11     | Found a staircase to the Orcish Mines.
 19971 | D:11     | Received a gift from Okawaru
 20125 | D:11     | 20125 ||| Stepping ~*~*~tactically~*~*~ (stealth).
 20126 | D:11     | 20126 ||| Stepping ~*~*~tactically~*~*~ (stealth).
 20128 | D:11     | 20128 ||| Stepping ~*~*~tactically~*~*~ (stealth).
 20131 | D:11     | 20131 ||| Stepping ~*~*~tactically~*~*~ (stealth).
 20139 | D:11     | 20139 ||| INVOKING Heroism.
 20376 | D:11     | 20376 ||| PLANNING D
 20418 | D:12     | 20418 ||| INVOKING Heroism.
 20455 | D:12     | 20455 ||| Stepping ~*~*~tactically~*~*~ (stealth).
 20456 | D:12     | 20456 ||| Stepping ~*~*~tactically~*~*~ (stealth).
 20457 | D:12     | 20457 ||| Stepping ~*~*~tactically~*~*~ (hiding).
 20570 | D:12     | 20570 ||| Stepping ~*~*~tactically~*~*~ (stealth).
 20573 | D:12     | 20573 ||| Stepping ~*~*~tactically~*~*~ (hiding).
 20580 | D:12     | 20580 ||| Stepping ~*~*~tactically~*~*~ (hiding).
 21196 | D:12     | 21196 ||| READING scroll of enchant armour.
 21196 | D:12     | 21196 ||| ENCHANTING +0 pair of boots.
 21204 | D:12     | 21204 ||| INVOKING Heroism.
 21213 | D:12     | Reached skill level 12 in Shields
 21604 | D:12     | 21604 ||| DROPPING +1 pair of boots.
 21653 | D:13     | 21653 ||| INVOKING Heroism.
 21654 | D:13     | 21654 ||| INVOKING Finesse.
 21754 | D:13     | 21754 ||| INVOKING Heroism.
 21755 | D:13     | 21755 ||| SWAPPING to +4 morningstar.
 21756 | D:13     | 21756 ||| INVOKING Finesse.
 21760 | D:13     | 21760 ||| SWAPPING to +5 broad axe of freezing.
 21851 | D:13     | 21851 ||| Stepping ~*~*~tactically~*~*~ (hiding).
 21852 | D:13     | 21852 ||| Stepping ~*~*~tactically~*~*~ (hiding).
 21856 | D:13     | 21856 ||| INVOKING Heroism.
 21872 | D:13     | Demolished by a very large slime creature

Levels and vault maps discovered:
D:1:      evilmike_arrival_plus, layout_basic
D:2:      layout_basic, ebering_ecumenical_altar_box, grunt_decor_resistance,
          grunt_decor_arrowhead, minmay_misc_feat_four_crosses
D:3:      layout_basic, dreamdust_divine_triumvirate, uniq_jessica, uniq_terence
D:4:      layout_rooms, lemuel_crystal_altar, grunt_temple_overflow_open,
          okawaru_gym_becter, nicolae_overflow_squiral, uniq_natasha
D:5:      layout_layer_cave, nicolae_uskayaw_dance_hall,
          minmay_temple_entry_waves, portal_sewer_entry_a
D:6:      layout_cave_pools, kennysheep_little_box, serial_shops,
          kennysheep_mini_moat, nicolae_shop_hallway_stairs
D:7:      layout_cave_pools, gammafunk_ghost_icy, uniq_joseph
D:8:      layout_basic, kennysheep_windowed_goal
D:9:      layout_grid_maze, minmay_fractal_squares_5
D:10:     cheibrodos_helix_gallery, layout_loops_ring, lair_entry_dummy,
          dreamdust_princess_bridge
D:11:     layout_cave_pods, orc_0_dummy, chequers_serial_rivers_micro_d
D:12:     layout_loops_cross, chequers_serial_rivers_room_a
D:13:     layout_basic
Lair:1:   layout_roguey, grunt_megastairs_1
Lair:2:   layout_layer_cave, spider_nest_entry_a, grunt_megastairs_2
Lair:3:   layout_cave_pods, skrybe_swamp_entry_bodies, uniq_urug
Lair:4:   layout_gridlike, gammafunk_lair_bear_cave
Lair:5:   minmay_lair_end_enchanted_forest, layout_regular_city,
          nicolae_slime_entry_slimehenge, basic_altar,
          nicolae_volcano_entry_lava_flow

Skill      XL: |  1  2  3  4  5  6  7  8  9 10 11 12 13 14 |
---------------+-------------------------------------------+-----
Axes           | 2 3 4 5 6 7 8 10 11 12 13 14 | 14.2
Fighting       | 4 6 8 9 10 11 | 11.0
Dodging        | 1 2 |  2.0
Invocations    | 2 4 6 9 10 | 10.0
Throwing       | 1 3 4 5 |  5.1
Shields        | 4 5 6 10 11 12 | 12.0
Armour         | 4 6 7 8 9 10 | 10.0

Action                   |  1- 3 |  4- 6 |  7- 9 | 10-12 | 13-15 || total
-------------------------+-------+-------+-------+-------+-------++-------
Melee: War axe           |    98 |   214 |   270 |   219 |       ||   801
       Broad axe         |       |       |       |   155 |   440 ||   595
       Morningstar       |       |       |       |     3 |    27 ||    30
Throw: Boomerang         |       |       |     7 |    10 |    13 ||    30
       Javelin           |       |       |       |    55 |   100 ||   155
Invok: Heroism           |       |       |    17 |    26 |    29 ||    72
       Finesse           |       |       |       |     3 |     8 ||    11
  Use: Scroll            |     3 |     5 |    10 |     7 |     6 ||    31
       Potion            |       |     2 |     2 |     2 |       ||     6
 Stab: Distracted        |       |       |       |       |     1 ||     1
Armor: Scale mail        |    47 |    69 |       |       |       ||   116
       Chain mail        |       |    61 |   120 |       |       ||   181
       Plate armour      |       |       |       |   202 |   253 ||   455
Dodge: Dodged            |    35 |    99 |    92 |    86 |   102 ||   414
Block: Buckler           |    21 |    46 |    48 |    36 |       ||   151
       Kite shield       |       |       |       |    71 |   243 ||   314

Table legend:
 A = Non-vault XP
 B = Vault XP
 C = Vault XP percentage of total XP
 D = Non-vault monster count
 E = Vault monster count
 F = Vault count percentage of total count
                 A         B        C        D         E       F
            +---------+---------+-------+---------+---------+-------
      Total |   54218 |   16796 |  23.7 |     339 |      89 |  20.8
            +---------+---------+-------+---------+---------+-------
        D:1 |      55 |       0 |   0.0 |      29 |       0 |   0.0
        D:2 |     132 |       0 |   0.0 |      27 |       0 |   0.0
        D:3 |      24 |      73 |  75.3 |       7 |       2 |  22.2
        D:4 |     231 |      36 |  13.5 |      18 |       1 |   5.3
        D:5 |     365 |      20 |   5.2 |      11 |       5 |  31.2
        D:6 |     685 |       0 |   0.0 |      18 |       0 |   0.0
        D:7 |    1323 |     439 |  24.9 |      20 |       1 |   4.8
        D:8 |    1381 |     118 |   7.9 |      24 |       1 |   4.0
        D:9 |    1306 |     974 |  42.7 |      14 |       8 |  36.4
       D:10 |    1272 |     263 |  17.1 |      12 |       2 |  14.3
       D:11 |    4137 |       0 |   0.0 |      18 |       0 |   0.0
       D:12 |    4823 |       0 |   0.0 |      20 |       0 |   0.0
       D:13 |    2934 |       0 |   0.0 |       7 |       0 |   0.0
     Lair:1 |    5383 |    1839 |  25.5 |      21 |       7 |  25.0
     Lair:2 |    2469 |    2787 |  53.0 |      11 |       9 |  45.0
     Lair:3 |   11891 |    2082 |  14.9 |      33 |       3 |   8.3
     Lair:4 |    6644 |     480 |   6.7 |      18 |       3 |  14.3
     Lair:5 |    9163 |    7685 |  45.6 |      31 |      47 |  60.3
            +---------+---------+-------+---------+---------+-------
